 Dungeon Crawl Stone Soup version 0.27.0-1-g7a089689b8 (webtiles) character file.

Game seed: 3606916250194471075

107 sanka the Slasher (level 5, -1/40 HPs)
             Began as a Djinni Fighter on Aug 5, 2021.
             Slain by an orc priest (6 damage)
             ... on level 3 of the Dungeon.
             The game lasted 00:02:38 (2803 turns).

sanka the Slasher (Djinni Fighter)                  Turns: 2803, Time: 00:02:39

Health: -1/40      AC: 11    Str: 15    XL:     5   Next: 11%
Gold:   89         EV:  2    Int: 10    God:
                   SH:  8    Dex: 13

rFire    + + .     SeeInvis .   a - +0 long sword
rCold    x . .     Faith    .   c - +0 kite shield
rNeg     . . .     Spirit   .   p - +0 plate armour
rPois    ∞         Reflect  .   (no helmet)
rElec    .         Harm     .   (no cloak)
rCorr    .         Rampage  .   (no gloves)
Will     .....                  (boots unavailable)
Stlth    ..........             (no amulet)
HPRegen  0.13/turn              (no ring)
MPRegen  0.00/turn              (no ring)

@: flying
A: sickness immunity, fire resistance 2, cold vulnerability 1, float, innate
caster, hp casting, extra vitality 1
a: no special abilities


You were on level 3 of the Dungeon.
You visited 1 branch of the dungeon, and saw 3 of its levels.

You collected 89 gold pieces.


Innate Abilities, Weirdness & Mutations

You are immune to sickness and miasma.
You are immune to poison.
Your flesh is very heat resistant. (rF++)
You are vulnerable to cold. (rC-)
You float through the air rather than walking.
You learn spells naturally, not from books.
Your magical power is your life essence.
You have superior vitality. (+4 HP)


   Skills:
 - Level 3.0 Fighting
 + Level 4.2 Long Blades
 - Level 3.0 Armour
 - Level 3.0 Shields
 + Level 0.7 Spellcasting


You had 2 spell levels left.
You knew the following spells:

 Your Spells              Type           Power      Damage    Failure   Level
X - Static Discharge      Conj/Air       1%         N/A       100%        2
Z - Animate Skeleton      Necr           2%         N/A       100%        1
Your spell library was empty.

Inventory:

Hand Weapons
 a - a +0 long sword (weapon)
Missiles
 e - 7 curare-tipped darts (quivered) {=f}
Armour
 b - a +0 scale mail
 c - a +0 kite shield (worn)
 p - a +0 plate armour (worn)
Scrolls
 f - a scroll of fog {unknown}
 h - a scroll of immolation {unknown}
 i - 2 scrolls of teleportation {unknown}
 j - a scroll of summoning {unknown}
Potions
 d - a potion of might
 g - 2 potions of curing {unknown}
 k - a potion of mutation {unknown}
 l - a potion of berserk rage {unknown}
 m - a potion of degeneration {unknown}
 n - a potion of flight {unknown}
 o - a potion of heal wounds {unknown}

Dungeon Overview and Level Annotations

Branches:
Dungeon (3/15)

Altars:

▒. ▒... ▒.
▒..▒ ▒..
▒..▒ ▒.
▒..▒▒..▒▒▒▒▒
..
▒..)........
▒. ▒.)...▒
▒. ▒▒▒▒..▒
▒▒.
▒..▒▒▒▒▒▒▒
▒▒..
▒..▒▒▒▒.▒


You could see an orc priest and a dart slug.


Message History

The orc priest is heavily wounded.
You block the orc priest's attack.
You hit the orc priest but do no damage.
The orc priest is heavily wounded.
The orc priest begins to cast a cantrip, but forgets the words!
The orc priest completely misses you.
You riposte.
You hit the orc priest.
The orc priest is severely wounded.
You closely miss the orc priest.
The orc priest is severely wounded.
The orc priest looks encouraged for a moment.
Your shield and plate armour prevent you from hitting the orc priest.
The orc priest is severely wounded.
You block the orc priest's attack.
You hit the orc priest but do no damage.
The orc priest is severely wounded.
The orc priest calls down the wrath of Beogh upon you.
Beogh smites you!
* * * LOW HITPOINT WARNING * * *
You block the orc priest's attack.
You closely miss the orc priest.
The orc priest is severely wounded.
The orc priest looks satisfied for a moment.
You hit the orc priest.
The orc priest is almost dead.
The orc priest hits you with a +0 trident.
* * * LOW HITPOINT WARNING * * *
The orc priest hits you with a +0 trident.
You die...

Action                   |  1- 3 |  4- 6 || total
-------------------------+-------+-------++-------
Melee: Long sword        |    75 |    85 ||   160
Armor: Scale mail        |    25 |     8 ||    33
       Plate armour      |       |    38 ||    38
Dodge: Dodged            |    25 |    15 ||    40
Block: Kite shield       |    42 |    41 ||    83
       Rpst.: Long sword |     9 |     5 ||    14

Levels and vault maps discovered:
D:1:      dpeg_arrival_lava_temple_mockup, layout_basic,
          shapermc_ecumenical_altar_mp_highgroup
D:2:      layout_basic, minmay_tripent
D:3:      layout_loops_ring

Notes
Turn   | Place    | Note
-------+----------+-------------------------------------------
     0 | D:1      | sanka the Djinni Fighter began the quest for the Orb.
     0 | D:1      | Reached XP level 1. HP: 20/20 MP: 0/0
   161 | D:1      | Reached skill level 2 in Long Blades
   253 | D:1      | Reached XP level 2. HP: 22/25 MP: 0/0
   586 | D:1      | Found a faded altar of an unknown god.
   981 | D:2      | Reached XP level 3. HP: 30/30 MP: 0/0
   981 | D:2      | Learned a level 1 spell: Animate Skeleton
   983 | D:2      | Reached skill level 3 in Long Blades
  1433 | D:2      | Reached XP level 4. HP: 28/35 MP: 0/0
  2116 | D:2      | Reached skill level 4 in Long Blades
  2129 | D:3      | Reached XP level 5. HP: 34/40 MP: 0/0
  2129 | D:3      | Learned a level 2 spell: Static Discharge
  2803 | D:3      | Slain by an orc priest

Vanquished Creatures
  2 adders (D:2)
  4 gnolls
  A worm (D:2)
  3 orcs
  3 bats
  An endoplasm (D:2)
  A giant cockroach (D:3)
  3 goblins
  4 hobgoblins
  3 jackals (D:1)
  3 quokkas (D:2)
  6 ball pythons
  3 frilled lizards
  4 kobolds
  5 rats
46 creatures vanquished.
